 Dungeon Crawl Stone Soup version 0.32-a0-132-g2d33c3cfaf (webtiles) character file.

Game seed: 10116576458056762001

21499 Newt the Fighter (level 12, -9/103 HPs)
             Began as a Demonspawn Gladiator on Feb 9, 2024.
             Was the Champion of Okawaru.
             Killed from afar by Frances (18 damage)
             ... with a shard of ice
             ... on level 13 of the Dungeon.
             The game lasted 00:25:54 (14624 turns).

Newt the Fighter (Demonspawn Gladiator)            Turns: 14624, Time: 00:25:54

Health: -9/103     AC: 15    Str: 22    XL:     12   Next: 54%
Magic:  0/12       EV: 21    Int:  8    God:    Okawaru [******]
Gold:   1188       SH:  0    Dex: 25    Spells: 11/11 levels left

rFire   . . .        L - +2 dagger (venom)
rCold   . . .        c - +1 kite shield {AC+3}
rNeg    . . .        a - +0 troll leather armour
rPois   .            y - +1 helmet
rElec   .            s - scarf of Compression {repulsion, +Blink}
rCorr   .            t - +0 pair of gloves
SInv    .            G - +1 pair of boots
Will    .....        H - amulet of reflection
Stlth   +            B - +6 ring of strength
HPRegen 1.17/turn    A - +6 ring of dexterity
MPRegen 0.26/turn

%: repel missiles, reflection, guardian spirit
@: confused, mighty, agile, ambrosia-drunk
A: claws 2, slimy green scales 1, powered by pain 1, magic shield, magic
regeneration
a: Renounce Religion, Evoke Blink, Heroism, Finesse, Duel


You were on level 13 of the Dungeon.
You worshipped Okawaru.
Okawaru was exalted by your worship.
You visited 2 branches of the dungeon, and saw 15 of its levels.

You collected 1464 gold pieces.
You spent 276 gold pieces at shops.

Inventory:

Hand Weapons
 I - a +2 scimitar of draining
 L - a +2 dagger of venom (weapon)
 O - a +0 war axe of freezing
Missiles
 d - 3 throwing nets
 h - 20 poisoned darts
 q - 9 boomerangs (quivered)
 F - 2 silver javelins
 N - 6 atropa-tipped darts
 W - 5 javelins
Armour
 a - a +0 troll leather armour (worn)
 c - a +1 kite shield of protection (worn)
 l - a scarf of resistance
 s - the scarf of Compression (worn) {repulsion, +Blink}
   (You found it on level 2 of the Dungeon)

   +Blink:    It lets you blink.
 t - a +0 pair of gloves (worn)
 y - a +1 helmet (worn)
 G - a +1 pair of boots (worn)
Jewellery
 e - a +4 ring of protection
 o - a ring of poison resistance
 A - a +6 ring of dexterity (right hand)
 B - a +6 ring of strength (left hand)
 E - a ring of resist corrosion
 H - an amulet of reflection (around neck)
 K - an amulet of regeneration
 Z - a ring of willpower
Wands
 D - a wand of flame (32)
 S - a wand of iceblast (3)
 X - a wand of paralysis (15)
Scrolls
 i - a scroll of brand weapon
 j - 3 scrolls of teleportation
 n - 2 scrolls of enchant armour
 r - 4 scrolls of fog
 u - a scroll of poison
 v - a scroll of revelation
 z - 4 scrolls of fear
 C - a scroll of noise
 P - 2 scrolls of immolation
 Q - a scroll of vulnerability
 Y - a scroll of blinking
Potions
 b - a potion of might
 f - 3 potions of brilliance
 g - 2 potions of curing
 k - 2 potions of attraction
 m - a potion of haste
 p - 2 potions of heal wounds {unknown}
 w - a potion of resistance {unknown}
 x - a potion of mutation {unknown}
 M - a potion of berserk rage {unknown}
 R - 2 potions of lignification {unknown}
 U - a potion of enlightenment {unknown}
 V - a potion of cancellation {unknown}


   Skills:
 + Level 12.5 Fighting
 - Level 4.0 Short Blades
 - Level 10.0 Throwing
 - Level 8.1 Armour
 - Level 6.5 Dodging
 * Level 1.6 Shields
 - Level 7.0 Evocations


You had 11 spell levels left.
You didn't know any spells.
Your spell library contained the following spells:

 Spells                   Type           Power      Damage    Failure   Level
 Apportation              Tloc           0%         N/A       77%         1
 Necrotise                Necr           0%         1d4       77%         1
 Shock                    Conj/Air       0%         1d3       77%         1
 Sting                    Conj/Alch      0%         1d3       77%         1
 Cigotuvi's Dreadful Rot  Necr/Alch/Air  0%         N/A       88%         2
 Ensorcelled Hibernation  Hex/Ice        0%         N/A       88%         2
 Sublimation of Blood     Necr           0%         N/A       88%         2
 Fugue of the Fallen      Necr           0%         N/A       98%         3
 Gell's Gravitas          Tloc           0%         N/A       98%         3
 Swiftness                Air            0%         N/A       98%         3
 Teleport Other           Tloc           0%         N/A       98%         3
 Airstrike                Air            0%         2d(0-16)  100%        4
 Anguish                  Hex/Necr       0%         N/A       100%        4
 Ignite Poison            Fire/Alch      0%         N/A       100%        4
 Passage of Golubria      Tloc           0%         N/A       100%        4
 Freezing Cloud           Conj/Ice/Air   0%         6-21      100%        5
 Yara's Violent Unravell  Hex/Alch       0%         3d3       100%        5
 Dispersal                Tloc           0%         N/A       100%        6
 Borgnjor's Revivificati  Necr           0%         N/A       100%        8
 Summon Small Mammal      Summ           Unusable   N/A       N/A         1
 Call Imp                 Summ           Unusable   N/A       N/A         2
 Tukima's Dance           Hex            Unusable   N/A       N/A         3
 Martyr's Knell           Necr/Summ      Unusable   N/A       N/A         4
 Summon Hydra             Summ           Unusable   N/A       N/A         7

Dungeon Overview and Level Annotations

Branches:
Dungeon (14/15)            Temple (1/1) D:6            Lair (0/5) D:10
    Orc (0/2) D:10         Vaults (0/5) D:13

Altars:
Ashenzari
Cheibriados
Dithmenos
Fedhas
Gozag
Hepliaklqana
Kikubaaqudgha
Makhleb
Nemelex Xobeh
Okawaru
Qazlal
Ru
Sif Muna
Trog
Uskayaw
Vehumet
Wu Jian
Xom
Yredelemnul

Shops:
D:1 [   D:4 =*   D:7 =

Annotations:
D:11 2 transporters, boberto's ghost, journeyman DsCK
D:13 Frances


Innate Abilities, Weirdness & Mutations

You have very sharp fingernails.
You are partially covered in slimy green scales. (AC +2)
You sometimes gain a little power by taking damage.
When hurt, damage is shared between your health and your magic reserves.
You regenerate magic rapidly.


Message History

You closely miss Frances.
Frances is heavily wounded.
The ice devil hits you but does no damage.
You block the orange demon's attack. You block the ice devil's attack.
You block Frances's attack.
Unknown command.
You puncture Frances!
Frances is heavily wounded.
You block the ice devil's attack. You block Frances's attack.
You block the ice devil's attack. The orange demon barely misses you.
Unknown command.
You puncture Frances!
Frances is heavily wounded.
Frances says, "I speak the language of demons!"
You block Frances's attack. The ice devil barely misses you.
The ice devil completely misses you. The orange demon completely misses you.
Frances hits you with a +0 long sword!!
* * * LOW HITPOINT WARNING * * *
Unknown command.
The orange demon disappears in a puff of smoke!
The ice devil hits you!
* * * LOW HITPOINT WARNING * * *
The ice devil freezes you!
* * * LOW HITPOINT WARNING * * *
The ice devil completely misses you. You block Frances's attack.
You climb upwards.
The ice devil disappears in a puff of smoke! x2
There is a stone staircase leading down here.
Unknown command.
Unknown command.
Unknown command.
You are confused.
You feel invigorated. Frances hits you with a +0 long sword!
* * * LOW HITPOINT WARNING * * *
Frances hits you with a +0 long sword.
* * * LOW HITPOINT WARNING * * *
Unknown command.
Frances mutters in a terrible tongue.
The shard of ice hits you!!
You die...

..# ###.......##......###
.## ###.........##..#####
.####...........##..#
###.............<##.##
................[##..#
.................##..#
..................#..#
.##............#@.#..#
##............##@>##.##
#............##..##..#
##..........###...#..#
##.......####....#..#
##.................#
#####.................##
.........###########...###
...####### ##....#####
#### #..###....####


You could see Frances (fast, poisoned).

Vanquished Creatures
  A sphinx (D:13)
  Josephine (D:10)
  3 boulder beetles
  3 two-headed ogres
  A centaur warrior (D:12)
  Nergalle (D:10)
  Lodul (D:10)
  A deep elf pyromancer (D:14)
  An ugly thing (D:9)
  Maurice (D:10)
  2 cyclopes
  2 gargoyles
  An unseen horror (D:11)
  A komodo dragon (D:10)
  3 trolls
  Grinder (D:6)
  11 slime creatures
  A vampire (D:12)
  14 yaks
  A shadow (D:11)
  6 wraiths
  A wyvern (D:10)
  9 vampire mosquitoes
  A basilisk (D:13)
  3 steam dragons
  Menkaure (D:4)
  2 acid dragons (D:11)
  A water moccasin (D:9)
  3 sky beasts
  A black bear (D:4)
  3 orc warriors (D:10)
  7 centaurs
  8 ogres
  A phantom (D:7)
  A kobold brigand (D:6)
  3 bullfrogs
  2 scorpions (D:6)
  4 killer bees (D:10)
  2 jellies
  3 howler monkeys (D:12)
  2 bombardier beetles
  3 hounds
  5 orc priests
  A sleepcap (D:6)
  Jessica (D:2)
  6 iguanas
  A gnoll bouda (D:7)
  5 orc wizards
  6 gnolls (D:7)
  7 adders
  A white imp (D:7)
  5 ribbon worms
  2 dart slugs
  42 orcs
  A bat (D:3)
  4 endoplasms
  2 giant cockroaches
  10 goblins
  3 hobgoblins
  5 jackals (D:1)
  A quokka (D:2)
  8 ball pythons
  5 frilled lizards
  12 kobolds
  5 rats
256 creatures vanquished.

Vanquished Creatures (others)
  A centaur (D:8)
1 creature vanquished.

Grand Total: 257 creatures vanquished

Notes
Turn   | Place    | Note
-------+----------+-------------------------------------------
     0 | D:1      | Newt the Demonspawn Gladiator began the quest for the Orb.
     0 | D:1      | Reached XP level 1. HP: 16/16 MP: 1/1
   152 | D:1      | Gained mutation: You are partially covered in slimy green
                  | scales. (AC +2) [demonic ancestry]
   152 | D:1      | Reached XP level 2. HP: 21/22 MP: 2/2
   373 | D:1      | Found Fudwaul's Antique Armour Emporium.
   772 | D:2      | Reached XP level 3. HP: 18/28 MP: 3/3
  1080 | D:2      | Noticed Jessica
  1085 | D:2      | Killed Jessica
  1086 | D:2      | Reached skill level 3 in Fighting
  1086 | D:2      | Reached XP level 4. HP: 35/35 MP: 4/4
  1208 | D:2      | Identified the scarf of Compression {repulsion, +Blink}
  1238 | D:2      | Found a faded altar of an unknown god.
  1473 | D:3      | Got the Disquisition on Glamour and the Mortuary
  2226 | D:4      | Found Ronow's Jewellery Shoppe.
  2295 | D:4      | You fall into a shaft and drop 2 floors!
  2366 | D:6      | Noticed a kobold brigand
  2373 | D:6      | Noticed an ogre
  2389 | D:6      | Killed a kobold brigand
  2389 | D:6      | Killed an ogre
  2390 | D:6      | Reached skill level 4 in Fighting
  2390 | D:6      | Gained mutation: You regenerate magic rapidly. [demonic
                  | ancestry]
  2390 | D:6      | Reached XP level 5. HP: 34/42 MP: 5/5
  2390 | D:6      | Gained mutation: You sometimes gain a little power by
                  | taking damage. [demonic ancestry]
  2390 | D:6      | Reached XP level 6. HP: 38/48 MP: 6/6
  2519 | D:6      | Noticed Grinder
  2546 | D:6      | Killed Grinder
  3014 | D:6      | Reached skill level 5 in Throwing
  3014 | D:6      | Reached XP level 7. HP: 45/55 MP: 7/7
  3335 | D:5      | Entered Level 5 of the Dungeon
  3357 | D:5      | Reached skill level 5 in Fighting
  3629 | D:5      | Found a radiant altar of Vehumet.
  4072 | D:4      | Noticed Menkaure
  4081 | D:4      | Killed Menkaure
  4082 | D:4      | Gained mutation: You have sharp fingernails. [demonic
                  | ancestry]
  4082 | D:4      | Reached XP level 8. HP: 27/64 MP: 8/8
  4539 | D:4      | Found Voyprivo's Elemental Accessories.
  4882 | D:4      | Reached skill level 6 in Fighting
  5015 | D:1      | Bought a runed leather armour for 115 gold pieces
  5015 | D:1      | Bought a shiny scale mail for 161 gold pieces
  5333 | D:5      | Found an ancient bone altar of Kikubaaqudgha.
  6152 | D:6      | Found a staircase to the Ecumenical Temple.
  6266 | Temple   | Entered the Ecumenical Temple
  6275 | Temple   | Became a worshipper of Warmaster Okawaru
  6625 | D:7      | Found Xeaxilec's Jewellery Emporium.
  6798 | D:7      | Reached skill level 7 in Fighting
  6798 | D:7      | Reached skill level 5 in Dodging
  6811 | D:7      | Gained mutation: You have very sharp fingernails. [demonic
                  | ancestry]
  6811 | D:7      | Reached XP level 9. HP: 72/72 MP: 9/9
  6956 | D:7      | Found Supsi's Antique Weapon Shop.
  7061 | D:7      | Found a blossoming altar of Fedhas.
  7101 | D:7      | Reached * piety under Okawaru
  7106 | D:7      | Found a shimmering altar of Xom.
  7123 | D:7      | Found a sacrificial altar of Ru.
  7146 | D:7      | Found a snail-covered altar of Cheibriados.
  7388 | D:8      | Found a burning altar of Makhleb.
  7392 | D:8      | Found an opulent altar of Gozag.
  7798 | D:9      | Identified the +1 war axe of Rigappeo {spect, rElec rPois
                  | Stlth+}
  7826 | D:9      | Noticed a red ugly thing
  7848 | D:9      | Killed a red ugly thing
  7848 | D:9      | Reached ** piety under Okawaru
  7849 | D:9      | Reached skill level 8 in Fighting
  8182 | D:9      | Noticed a two-headed ogre
  8196 | D:9      | Killed a two-headed ogre
  8628 | D:10     | Entered Level 10 of the Dungeon
  8628 | D:10     | Noticed Maurice
  8651 | D:10     | Something stole a ring of resist corrosion
  8653 | D:10     | Something stole 14 boomerangs
  8659 | D:10     | Killed Maurice
  8660 | D:10     | Reached skill level 5 in Armour
  8660 | D:10     | Reached XP level 10. HP: 74/82 MP: 5/10
  8773 | D:10     | Reached *** piety under Okawaru
  8789 | D:10     | HP: 4/82 [vampire mosquito (4)]
  8790 | D:10     | HP: 1/82 [vampire mosquito (7)]
  8910 | D:10     | Found a staircase to the Lair.
  8939 | D:10     | Reached skill level 9 in Fighting
  8998 | D:10     | Found a stormy altar of Qazlal.
  9005 | D:10     | Noticed a two-headed ogre
  9024 | D:10     | Killed a two-headed ogre
  9227 | D:10     | Reached **** piety under Okawaru
  9578 | D:10     | Found a staircase to the Orcish Mines.
  9608 | D:10     | Reached skill level 10 in Fighting
  9713 | D:10     | Noticed Nergalle
  9737 | D:10     | Killed Nergalle
  9737 | D:10     | Reached ***** piety under Okawaru
  9738 | D:10     | Reached skill level 1 in Evocations
  9738 | D:10     | Reached XP level 11. HP: 84/90 MP: 11/11
  9748 | D:10     | Noticed Lodul
  9756 | D:10     | Killed Lodul
  9756 | D:10     | Received a gift from Okawaru
 10162 | D:11     | Noticed Josephine
 10281 | D:10     | Killed Josephine
 10418 | D:11     | Reached skill level 5 in Evocations
 10810 | D:11     | Found a transporter.
 10814 | D:11     | Found a transporter.
 10817 | D:11     | Noticed boberto's ghost (journeyman DsCK)
 10817 | D:11     | Noticed a two-headed ogre
 10818 | D:11     | Noticed a two-headed ogre
 10818 | D:11     | Identified the +0 giant spiked club of Watchfulness {elec,
                  | rElec rC+ Dex-3}
 10818 | D:11     | Noticed a two-headed ogre
 10820 | D:11     | Noticed a two-headed ogre
 11012 | D:11     | Noticed a boulder beetle
 11042 | D:11     | Killed a boulder beetle
 11043 | D:11     | Reached skill level 11 in Fighting
 11133 | D:11     | Noticed a two-headed ogre
 11168 | D:11     | Killed a two-headed ogre
 11168 | D:11     | Received a gift from Okawaru
 11245 | D:11     | Noticed a boulder beetle
 11269 | D:11     | Killed a boulder beetle
 12661 | D:12     | Gained mutation: When hurt, damage is shared between your
                  | health and your magic reserves. [demonic ancestry]
 12661 | D:12     | Reached XP level 12. HP: 49/101 MP: 12/12
 12676 | D:12     | Received a gift from Okawaru
 13094 | D:13     | Noticed a boulder beetle
 13117 | D:13     | Killed a boulder beetle
 13210 | D:13     | Noticed a centaur warrior
 13243 | D:12     | Killed a centaur warrior
 13244 | D:12     | Reached skill level 12 in Fighting
 13690 | D:13     | Identified the +0 robe of Classification {rF+ Dex+2
                  | Archmagi}
 13948 | D:13     | Found a gate to the Vaults.
 13948 | D:13     | Noticed a sphinx
 13964 | D:13     | Killed a sphinx
 13964 | D:13     | Reached ****** piety under Okawaru
 13965 | D:13     | Acquired a +2 scimitar of draining
 13965 | D:13     | Received a gift from Okawaru
 13967 | D:13     | Acquired a +1 kite shield of protection
 13967 | D:13     | Received a gift from Okawaru
 14085 | D:13     | Reached skill level 10 in Throwing
 14389 | D:14     | Received a gift from Okawaru
 14390 | D:14     | Reached skill level 1 in Shields
 14452 | D:14     | Noticed Frances
 14621 | D:14     | HP: 5/103 [ice devil[Frances] (8)]
 14624 | D:13     | Killed from afar by Frances

Illustrated notes

Levels and vault maps discovered:
D:1:      dpeg_arrival_pits, layout_loops_ring, serial_shops,
          nicolae_shop_hallway_stairs
D:2:      layout_basic, hellmonk_ecumenical_altar_leap_of_faith, uniq_jessica
D:3:      layout_loops_cross
D:4:      layout_basic, serial_shops, nicolae_shop_gaudy_bauble,
          nicolae_elemental_shop, uniq_menkaure
D:5:      layout_basic, kiku_gazebo_pond_becter, mainiacjoe_overflow_alcove_1
D:6:      layout_layer_cave, temple_hall, uniq_grinder
D:7:      layout_basic, nicolae_overflow_quartered_altars, serial_shops,
          nicolae_shop_real_fake_doors, shop
D:8:      layout_basic, chequers_temple_overflow_statue_of_worship
D:9:      layout_basic
D:10:     layout_roguey, amcnicky_altar_gilded, david_lair_shrubbed,
          hiddenorc2_lemuel, lemuel_flamethrower_hall, uniq_maurice, uniq_lodul,
          uniq_nergalle
D:11:     layout_cave_pods, gammafunk_ghost_smash, uniq_josephine
D:12:     layout_long_grid, serial_glass, glass_columns_a, glass_columns_a
D:13:     layout_cave_pods, hellmonk_vaults_attempted_burglary
D:14:     layout_loops_ring, minmay_variable_closet,
          hangedman_abyss_or_decor_lesser_grid, uniq_frances, uniq_jorgrun
Temple:   nicolae_temple_ecumenical_triangle

Skill      XL: |  1  2  3  4  5  6  7  8  9 10 11 12 |
---------------+-------------------------------------+-----
Short Blades   | 3 4 |  4.0
Fighting       | 3 4 5 7 8 10 11 12 | 12.5
Throwing       | 3 5 6 7 8 10 | 10.0
Dodging        | 5 6 |  6.5
Armour         | 5 8 |  8.1
Evocations     | 1 7 |  7.0
Shields        | 1 |  1.6

Action                     |  1- 3 |  4- 6 |  7- 9 | 10-12 || total
---------------------------+-------+-------+-------+-------++-------
  Melee: Rapier            |   118 |    36 |       |       ||   154
         Punch             |     4 |     4 |    24 |   108 ||   140
         Dagger            |       |    37 |   326 |   830 ||  1193
  Throw: Dart              |       |    17 |    37 |    10 ||    64
         Javelin           |       |     1 |     1 |    31 ||    33
         Throwing net      |       |     1 |     5 |     3 ||     9
         Boomerang         |       |       |    79 |   178 ||   257
 Invoke: Receive Weapon    |       |       |       |     1 ||     1
         Receive Armour    |       |       |       |     1 ||     1
Ability: Evoke Blink       |       |     1 |       |       ||     1
  Evoke: Wand              |       |       |       |     7 ||     7
    Use: Scroll            |       |     5 |     2 |     9 ||    16
         Potion            |       |       |     2 |     5 ||     7
   Stab: Sleeping          |       |     1 |     2 |       ||     3
         Held in net/web   |       |       |     2 |     1 ||     3
 Armour: Leather armour    |    69 |    34 |   162 |   372 ||   637
         Troll leather arm |       |       |       |   220 ||   220
  Dodge: Dodged            |    72 |    56 |   204 |   764 ||  1096
         Repelled          |       |       |     8 |       ||     8
  Block: Kite shield       |       |       |       |    44 ||    44
         Other             |       |       |       |    40 ||    40
         Reflection        |       |       |       |     3 ||     3

Table legend: (Time is in decaauts)
 A = Elapsed time spent in this place.
 B = Non-inter-level travel time spent in this place.
 C = Inter-level travel time spent in this place.
 D = Time resting spent in this place.
 E = Time spent auto-exploring this place.
 F = Levels seen in this place.
 G = Mean time per level.
                   A        B        C        D        E       F      G
               +--------+--------+--------+--------+--------+-----+--------+
         Total |  14485 |  13634 |    851 |   2668 |   8273 |  15 |  965.7 |
       Dungeon |  14466 |  13633 |    833 |   2668 |   8273 |  14 | 1033.3 |
        Temple |     18 |      1 |     17 |      0 |      0 |   1 |   18.0 |
               +--------+--------+--------+--------+--------+-----+--------+

Top non-repeatable levels by time:
     D:6: 2057 daAuts
    D:11: 1809 daAuts
    D:10: 1613 daAuts
    D:13: 1305 daAuts
    D:12: 1080 daAuts
     D:4: 1053 daAuts
     D:3: 1048 daAuts
     D:9: 947 daAuts
     D:2: 770 daAuts
     D:1: 751 daAuts
     D:7: 717 daAuts
     D:5: 706 daAuts
     D:8: 473 daAuts
    D:14: 133 daAuts
  Temple: 18 daAuts
